 Dungeon Crawl Stone Soup version 0.30-a0-721-ga6a225cb13 (webtiles) character file.

Game seed: 6950767195198809907

2 M4edhros the Vexing (level 1, 0/13 HPs)
             Began as an Octopode Hexslinger on Jan 27, 2023.
             Slain by an orc
             ... wielding a +0 mace
              (4 damage)
             ... on level 1 of the Dungeon.
             The game lasted 00:00:11 (47 turns).

M4edhros the Vexing (Octopode Hexslinger)             Turns: 47, Time: 00:00:11

Health: 0/13       AC:  1    Str:  9    XL:     1   Next: 40%
Magic:  0/2        EV: 13    Int: 15    God:
Gold:   10         SH:  0    Dex: 12    Spells: 1/2 levels left

rFire   . . .      SeeInvis .    a - +1 sling
rCold   . . .      Faith    .    (no shield)
rNeg    . . .      Spirit   .    (helmet restricted)
rPois   .          Reflect  .    (no amulet)
rElec   .          Harm     .    (no ring)
rCorr   .          Rampage  .    (no ring)
Will    .....                    (no ring)
Stlth   ++                       (no ring)
HPRegen 0.22/turn                (no ring)
MPRegen 0.08/turn                (no ring)
                                 (no ring)
                                 (no ring)

@: no status effects
A: almost no armour, amphibious, 8 rings, camouflage 1, gelatinous body 1,
(nimble swimmer 1), tentacles
a: no special abilities


You were on level 1 of the Dungeon.
You visited 1 branch of the dungeon, and saw 2 of its levels.

You collected 10 gold pieces.

Inventory:

Hand Weapons
 a - a +1 sling (weapon)
Scrolls
 b - a scroll of poison
Potions
 c - 2 potions of haste {unknown}


   Skills:
 - Level 1.0 Fighting
 + Level 2.2 Ranged Weapons
 - Level 2.0 Dodging
 - Level 1.0 Spellcasting
 - Level 3.0 Hexes


You had one spell level left.
You knew the following spells:

 Your Spells              Type           Power      Damage    Failure   Level
a - Slow                  Hex            36%        N/A       7%          1

Your spell library contained the following spells:

 Spells                   Type           Power      Damage    Failure   Level
 Inner Flame              Hex/Fire       5%         N/A       36%         3
 Portal Projectile        Hex/Tloc       10%        N/A       36%         3
 Cause Fear               Hex            4%         N/A       56%         4


Dungeon Overview and Level Annotations

Branches:
Dungeon (2/15)

Altars:

Annotations:
D:2 Natasha


Innate Abilities, Weirdness & Mutations

You cannot wear most types of armour.
You are amphibious.
You can wear up to eight rings at the same time.
Your skin changes colour to match your surroundings (Stealth+).
Your rubbery body absorbs attacks. (AC +1, EV +1)
((You are camouflaged when in or above water. (Stealth+)))
You have tentacles for arms and can constrict up to eight enemies at once.


Message History

You shoot a sling bullet. The sling bullet barely misses the orc.
You shoot a sling bullet.
The sling bullet barely misses the quokka.
You shoot a sling bullet.
The sling bullet barely misses the quokka.
The quokka misses you. The orc hits you with a +0 mace.
You shoot a sling bullet. The sling bullet hits the quokka.
You kill the quokka!
Natasha, Servant of Life and Death comes into view.
The orc barely misses you.
You shoot a sling bullet.
The sling bullet closely misses the orc.
Natasha hisses angrily.
The orc hits you with a +0 mace.
You are too injured to fight recklessly!
You are too injured to fight recklessly!
You are too injured to fight recklessly!
You are too injured to fight recklessly!
You are too injured to fight recklessly!
You are too injured to fight recklessly!
The orc closely misses you.
You climb upwards.
There is a stone staircase leading down here.
Aiming: Slow (safe; 7% risk of failure)
Press: ? - help, Q - select action, (/) - cycle Shift-Dir - straight line, f - orc
Aim: an orc, wielding a +0 mace (chance to affect: 61%)
The orc seems to slow down.
The orc closely misses you.
Aiming: Slow (safe; 7% risk of failure)
Press: ? - help, Q - select action, (/) - cycle Shift-Dir - straight line, f/p - orc
Aim: an orc, wielding a +0 mace (slow, chance to affect: 61%)
The orc resists with significant effort.
The orc hits you with a +0 mace.
You are too injured to fight recklessly!
You are too injured to fight recklessly!
You are too injured to fight recklessly!
You shoot a sling bullet. The sling bullet hits the orc.
The orc is lightly wounded.
The orc hits you with a +0 mace.
You die...

###########
#@o........
##'###...###
#......#..#
########......# (#
#.............#
#.######).....#
##...†..############
............#.........
###########...##......


You could see an orc (slow).

Vanquished Creatures
  A quokka (D:2)
  A frilled lizard (D:1)
  A rat (D:2)
3 creatures vanquished.

Notes
Turn   | Place    | Note
-------+----------+-------------------------------------------
     0 | D:1      | M4edhros the Octopode Hexslinger began the quest for the
                  | Orb.
     0 | D:1      | Reached XP level 1. HP: 13/13 MP: 2/2
    41 | D:2      | Noticed Natasha
    47 | D:1      | Slain by an orc

Illustrated notes

Levels and vault maps discovered:
D:1:      amcnicky_arrival_blooded_trapdoor, layout_basic, minivault_25,
          minmay_heptomino_d4
D:2:      layout_rooms, hellmonk_ecumenical_altar_heavens_door, uniq_sigmund,
          uniq_natasha

Action                     || total
---------------------------++-------
   Fire: Sling             ||    11
   Cast: Slow              ||     2
  Dodge: Dodged            ||     4

Table legend: (Time is in decaauts)
 A = Elapsed time spent in this place.
 B = Non-inter-level travel time spent in this place.
 C = Inter-level travel time spent in this place.
 D = Time resting spent in this place.
 E = Time spent auto-exploring this place.
 F = Levels seen in this place.
 G = Mean time per level.
                   A        B        C        D        E       F      G
               +--------+--------+--------+--------+--------+-----+--------+
         Total |     50 |     47 |      3 |      0 |     25 |   2 |   25.0 |
       Dungeon |     50 |     47 |      3 |      0 |     25 |   2 |   25.0 |
               +--------+--------+--------+--------+--------+-----+--------+

Top non-repeatable levels by time:
     D:1: 40 daAuts
     D:2: 9 daAuts
